[Event "World Junior U20 Championship"]
[Site "Czarna"]
[Date "2010.08.04"]
[Round "2.1"]
[White "Andreikin, Dmitry"]
[Black "Potapov, Pavel"]
[Result "1/2-1/2"]
[WhiteElo "2650"]
[BlackElo "2445"]
[PlyCount "95"]
[EventDate "2010.??.??"]
[TimeControl "5400"]

1. c4 f5 2. Nf3 Nf6 3. b4 g6 4. Bb2 Bg7 5. g3 O-O 6. Bg2 d6 7. d4 e6 8. O-O Qe7
9. Nc3 Nbd7 10. c5 Ne4 11. Nxe4 Nf6 12. Nc3 Nd7 13. Ne4 fxe4 14. Nd2 d5 15. f3
exf3 16. exf3 Nf6 17. f4 Bd7 18. a4 a6 19. Qb3 h6 20. Qc2 Qf7 21. Ra3 Rad8 22.
Re1 g5 23. Rf3 Qh5 24. h3 g4 25. Rfe3 gxh3 26. Bf3 h2+ 27. Kh1 Ng4 28. R3e2 Qh3
29. Qg6 e5 30. Bxg4 Bxg4 31. Rxh2 Qxg3 32. Rg1 Bf3+ 33. Nxf3 Qxf3+ 34. Rgg2
Qf1+ 35. Rg1 Qf3+ 36. Rgg2 Qf1+ 37. Rg1 Qf3+ 38. Rhg2 Qg3 39. Rh2 Qf3+ 40. Rgg2
Qf1+ 41. Rg1 Qf3+ 42. Rhg2 Qh3+ 43. Rh2 Qf3+ 44. Rgg2 Qf1+ 45. Rg1 Qf3+ 46.
Rhg2 Qh3+ 47. Rh2 Qf3+ 48. Rgg2 1/2-1/2

[Event "World Junior U20 Championship"]
[Site "Czarna"]
[Date "2010.08.04"]
[Round "2.2"]
[White "Negi, Parimarjan"]
[Black "Rasulov, Vugar Ural"]
[Result "1/2-1/2"]
[WhiteElo "2615"]
[BlackElo "2442"]
[PlyCount "154"]
[EventDate "2010.??.??"]
[TimeControl "5400"]

1. e4 c5 2. Nf3 e6 3. d4 cxd4 4. Nxd4 a6 5. c4 b6 6. a3 Bb7 7. Nc3 Qc7 8. Be3
Nf6 9. f3 d6 10. Be2 Nbd7 11. Qd2 Be7 12. O-O O-O 13. Rfc1 Rac8 14. a4 Bd8 15.
a5 Qb8 16. axb6 Nxb6 17. b3 Nbd7 18. b4 Ne5 19. c5 Be7 20. Na4 Nfd7 21. Nb3
Rfd8 22. Qb2 Rc7 23. Nb6 Nc6 24. Qa3 h6 25. Rd1 dxc5 26. Nxd7 Rcxd7 27. Rxd7
Rxd7 28. Nxc5 Rd8 29. Rc1 Nd4 30. Bf1 Bc8 31. Kh1 Bg5 32. Bxg5 hxg5 33. Qa5 Nc6
34. Qa4 Qb6 35. Nxe6 Bxe6 36. Rxc6 Qf2 37. Rc1 Rd2 38. Rc6 Rd8 39. Rc1 Rd2 40.
Qa5 g4 41. fxg4 Rc2 42. Rb1 Bc4 43. Qd8+ Kh7 44. Qd1 Bxf1 45. Qxf1 Qxf1+ 46.
Rxf1 f6 47. Re1 Rc4 48. h3 Rxb4 49. e5 a5 50. exf6 gxf6 51. Re6 Kg6 52. Ra6 a4
53. Ra5 Rc4 54. Kh2 Rb4 55. Ra8 Rc4 56. Ra6 Rb4 57. Rc6 Kg5 58. Rc5+ Kg6 59.
Ra5 Rc4 60. Kg3 Rc3+ 61. Kh4 Rc4 62. Kg3 Rc3+ 63. Kf4 Rc4+ 64. Kf3 Rc3+ 65. Ke4
Rc4+ 66. Kd5 Rb4 67. g3 Kg7 68. Ra7+ Kg6 69. Ra8 Kf7 70. Ra6 Rb5+ 71. Kd6 Rb4
72. Ra7+ Kg6 73. Kd5 Rb5+ 74. Kc6 Rb3 75. Rxa4 Rxg3 76. h4 f5 77. gxf5+ Kxf5
1/2-1/2

[Event "World Junior U20 Championship"]
[Site "Czarna"]
[Date "2010.08.04"]
[Round "2.3"]
[White "Leniart, Arkadiusz"]
[Black "Sjugirov, Sanan"]
[Result "0-1"]
[WhiteElo "2423"]
[BlackElo "2610"]
[PlyCount "134"]
[EventDate "2010.??.??"]
[TimeControl "5400"]

1. e4 c5 2. Nf3 d6 3. d4 cxd4 4. Nxd4 Nf6 5. Nc3 a6 6. Be3 e5 7. Nb3 Be6 8. Qd2
Be7 9. O-O-O Nbd7 10. f4 b5 11. Kb1 Qc7 12. h3 h5 13. g3 Nb6 14. f5 Nc4 15. Qd3
Bd7 16. Bc1 Rc8 17. Nd5 Nxd5 18. exd5 a5 19. Be2 a4 20. Nd2 Bg5 21. Nxc4 bxc4
22. Qe4 Bxc1 23. Rxc1 a3 24. b4 cxb3 25. cxb3 Qb6 26. Rxc8+ Bxc8 27. Rf1 Ke7
28. Bc4 Ke8 29. Be2 Ke7 30. Bc4 f6 31. Kc2 Ba6 32. Bxa6 Qxa6 33. Rf3 Qb6 34.
Qc4 Rd8 35. b4 Rd7 36. Kb3 Qg1 37. Ka4 Ra7+ 38. Kb5 Rb7+ 39. Ka4 Ra7+ 40. Kb5
Rd7 41. Ka4 Qa7+ 42. Kb3 Rc7 43. Qd3 Rb7 44. Re3 Qc5 45. Re4 Qf2 46. Re2 Qc5
47. Re4 Qc1 48. Qc2 Qxc2+ 49. Kxc2 Rb5 50. Kb3 Rxd5 51. Re3 Rd1 52. Kxa3 d5 53.
b5 d4 54. Rb3 Kd7 55. b6 Kc8 56. Kb4 e4 57. Kb5 e3 58. Ka6 Ra1 59. Rb2 Rd1 60.
Rb3 Ra1 61. Rb2 Kb8 62. Re2 Rd1 63. a4 Rd2 64. Re1 e2 65. b7 d3 66. Rc1 Rc2 67.
Re1 Rc6+ 0-1

[Event "World Junior U20 Championship"]
[Site "Czarna"]
[Date "2010.08.04"]
[Round "2.4"]
[White "Firat, Burak"]
[Black "Salgado Lopez, Ivan"]
[Result "0-1"]
[WhiteElo "2420"]
[BlackElo "2607"]
[PlyCount "68"]
[EventDate "2010.??.??"]
[TimeControl "5400"]

1. e4 e5 2. Nf3 Nc6 3. Bb5 Nf6 4. O-O Nxe4 5. d4 Nd6 6. dxe5 Nxb5 7. a4 d6 8.
e6 fxe6 9. axb5 Nb4 10. Ng5 Qf6 11. Nc3 Be7 12. Ra4 a5 13. bxa6 Nxa6 14. Nge4
Qg6 15. Ng3 h5 16. Nb5 Bd8 17. Qf3 Qxc2 18. Nc3 Qg6 19. Re1 Rf8 20. Qe2 Bd7 21.
Ra3 h4 22. Nh5 Bc6 23. f4 Kd7 24. b4 b5 25. Nxb5 Nxb4 26. Nd4 Rxa3 27. Bxa3 Nd3
28. Rd1 Be4 29. Nf3 Bf6 30. Nxf6+ gxf6 31. f5 Qxf5 32. Nd2 Bc6 33. Nc4 Rg8 34.
Ne3 Nf4 0-1

[Event "World Junior U20 Championship"]
[Site "Czarna"]
[Date "2010.08.04"]
[Round "2.5"]
[White "Matlakov, Maxim"]
[Black "Swapnil, Sunil Dhopade"]
[Result "1/2-1/2"]
[WhiteElo "2603"]
[BlackElo "2426"]
[PlyCount "137"]
[EventDate "2010.??.??"]
[TimeControl "5400"]

1. d4 Nf6 2. c4 e6 3. g3 d5 4. Nf3 Be7 5. Bg2 O-O 6. O-O dxc4 7. Qc2 a6 8. a4
Bd7 9. Rd1 Bc6 10. Nc3 Bxf3 11. Bxf3 Nc6 12. Bxc6 bxc6 13. a5 Nd5 14. Na2 Qb8
15. Qxc4 Qb5 16. Nc3 Qb8 17. Na2 Qb5 18. Nc3 Qb8 19. Na2 Qb5 20. Qxb5 cxb5 21.
e4 Nf6 22. Bg5 c5 23. e5 Nd5 24. Bxe7 Nxe7 25. dxc5 Nc6 26. f4 Nxa5 27. Nb4 Nb3
28. Rxa6 Nxc5 29. Rc6 Rfc8 30. Rxc8+ Rxc8 31. Rc1 Rc7 32. Nd3 Na6 33. Rxc7 Nxc7
34. Kf2 Nd5 35. Kf3 f5 36. exf6 gxf6 37. Ke4 Kf7 38. Kd4 Ke7 39. Kc5 Ne3 40.
Kxb5 Kd6 41. b4 e5 42. Ka6 e4 43. Ne1 f5 44. b5 Nd5 45. b6 Kc6 46. b7 Nc7+ 47.
Ka7 Nb5+ 48. Ka8 Nc7+ 49. Kb8 Nb5 50. Nc2 Nd6 51. Nd4+ Kb6 52. Nxf5 Nxb7 53. g4
Kc6 54. h4 Nd6 55. Ne3 Kc5 56. Kc7 Nc4 57. Nc2 Kd5 58. Kd7 e3 59. h5 Ke4 60. f5
Kd3 61. Nxe3 Nxe3 62. f6 Nxg4 63. Ke6 Nxf6 64. Kxf6 Ke4 65. h6 Kd5 66. Kg7 Ke6
67. Kxh7 Kf7 68. Kh8 Kf8 69. h7 1/2-1/2

[Event "World Junior U20 Championship"]
[Site "Czarna"]
[Date "2010.08.04"]
[Round "2.6"]
[White "Pacher, Milan"]
[Black "Spoelman, Wouter"]
[Result "1-0"]
[WhiteElo "2417"]
[BlackElo "2580"]
[PlyCount "85"]
[EventDate "2010.??.??"]
[TimeControl "5400"]

1. d4 d5 2. c4 c6 3. Nf3 Nf6 4. e3 Bf5 5. Nc3 e6 6. Nh4 Be4 7. f3 Bg6 8. Nxg6
hxg6 9. Qb3 Qc7 10. Bd2 dxc4 11. Bxc4 b5 12. Bd3 Rxh2 13. O-O-O Rxg2 14. e4 Rf2
15. Rh3 Nbd7 16. Be3 Rg2 17. e5 Nh5 18. Ne4 Rc8 19. Kb1 c5 20. Bxb5 c4 21. Qa4
Rb8 22. Nc5 Bxc5 23. dxc5 Qxe5 24. Bc1 Kf8 25. Rxd7 Qxc5 26. Qa5 Kg8 27. Rxh5
gxh5 28. a4 Qf5+ 29. Ka2 Qxf3 30. Bxc4 Qc6 31. Rc7 Qb6 32. Qe5 h4 33. Bb5 Rf8
34. Be3 Qa5 35. Bd4 Qd2 36. Bc6 Rg4 37. Bc3 Qd3 38. Ka3 h3 39. Rb7 Qh7 40. Rb8
Qd3 41. Rxf8+ Kxf8 42. Qb8+ Ke7 43. Qe8+ 1-0

[Event "World Junior U20 Championship"]
[Site "Czarna"]
[Date "2010.08.04"]
[Round "2.7"]
[White "Cordova Daza, Emilio Arturo"]
[Black "Volodin, Aleksandr"]
[Result "1/2-1/2"]
[WhiteElo "2560"]
[BlackElo "2422"]
[PlyCount "71"]
[EventDate "2010.??.??"]
[TimeControl "5400"]

1. d4 Nf6 2. Nf3 c5 3. e3 g6 4. Be2 Bg7 5. O-O O-O 6. dxc5 Qc7 7. a3 a5 8. Nc3
Na6 9. e4 Nxc5 10. e5 Nfe4 11. Nd5 Qd8 12. Be3 d6 13. Ng5 dxe5 14. Nxe4 Nxe4
15. Nb6 Rb8 16. Qe1 Be6 17. Qxa5 Qc7 18. Qb4 Qxc2 19. Bd1 Qd3 20. Ba4 Nd6 21.
Bc5 Rfd8 22. Rad1 Rf8 23. Ra1 Rfd8 24. Rad1 Qf5 25. Nd5 Bf8 26. Nxe7+ Bxe7 27.
Bxd6 Rxd6 28. Rxd6 b5 29. Bd1 Kg7 30. Qd2 Bxd6 31. Qxd6 Rc8 32. h3 Qe4 33. Bf3
Qd4 34. Qxd4 exd4 35. Rd1 Rd8 36. Be2 1/2-1/2

[Event "World Junior U20 Championship"]
[Site "Czarna"]
[Date "2010.08.04"]
[Round "2.8"]
[White "Debashis, Das"]
[Black "Nyzhnyk, Illya"]
[Result "1/2-1/2"]
[WhiteElo "2411"]
[BlackElo "2543"]
[PlyCount "114"]
[EventDate "2010.??.??"]
[TimeControl "5400"]

1. e4 c5 2. Nf3 d6 3. d4 cxd4 4. Nxd4 Nf6 5. Nc3 a6 6. Be3 e5 7. Nb3 Be6 8. f4
exf4 9. Bxf4 Nc6 10. Qd2 Be7 11. O-O-O Ne5 12. Nd4 Qc7 13. Nf5 Bxf5 14. exf5
Rc8 15. Be2 b5 16. a3 O-O 17. g4 Qc6 18. Kb1 Rfe8 19. Kc1 Rf8 20. Kb1 Rfe8 21.
Rhe1 Nfxg4 22. Bxg4 Nxg4 23. Nd5 Bh4 24. Rg1 Nf6 25. Bh6 g6 26. Nxf6+ Bxf6 27.
fxg6 hxg6 28. h4 Qc4 29. Rg2 Qxh4 30. Rh2 Qg4 31. Rg2 Qe4 32. Rf1 Bh8 33. Rgf2
Qe5 34. c3 Rc7 35. Ka1 Rd7 36. Bf4 Qe4 37. Rh2 Bg7 38. Rfh1 d5 39. Bh6 Be5 40.
Rh4 Qf5 41. Be3 Bf6 42. Rf4 Qe6 43. Bc5 Be5 44. Rfh4 f5 45. Bd4 Bxd4 46. Qxd4
Rg7 47. Rh8+ Kf7 48. R1h7 Qe1+ 49. Ka2 Re5 50. Qa7+ Re7 51. Qa8 Kf6 52. Rf8+
Kg5 53. Rxg7 Rxg7 54. Qxd5 Qe2 55. Qd8+ Re7 56. Re8 Qc4+ 57. Ka1 Qf1+ 1/2-1/2

[Event "World Junior U20 Championship"]
[Site "Czarna"]
[Date "2010.08.04"]
[Round "2.9"]
[White "Nabaty, Tamir"]
[Black "Anwesh, Upadhyaya"]
[Result "1-0"]
[WhiteElo "2523"]
[BlackElo "2412"]
[PlyCount "67"]
[EventDate "2010.??.??"]
[TimeControl "5400"]

1. Nf3 d5 2. g3 Nf6 3. Bg2 c6 4. O-O Bf5 5. c4 e6 6. d3 Be7 7. cxd5 exd5 8. Nd4
Bc8 9. e4 dxe4 10. dxe4 O-O 11. Nc3 Na6 12. h3 Nc7 13. Be3 Ne6 14. Nf5 Bc5 15.
Qe2 Bxe3 16. Qxe3 Qb6 17. Rad1 Qxe3 18. Nxe3 Nc7 19. f4 Nd7 20. Rd4 f6 21. Rfd1
Nb6 22. f5 Re8 23. Bf1 Kf8 24. b4 Re7 25. Rd8+ Re8 26. a4 Rxd8 27. Rxd8+ Ne8
28. a5 Nd7 29. Ned5 cxd5 30. Nxd5 Kf7 31. Bb5 a6 32. Bxd7 Bxd7 33. Rxa8 Bc6 34.
Rd8 1-0

[Event "World Junior U20 Championship"]
[Site "Czarna"]
[Date "2010.08.04"]
[Round "2.10"]
[White "Bajarani, Ulvi"]
[Black "Bindrich, Falko"]
[Result "0-1"]
[WhiteElo "2409"]
[BlackElo "2522"]
[PlyCount "72"]
[EventDate "2010.??.??"]
[TimeControl "5400"]

1. e4 e5 2. Nf3 Nc6 3. Bb5 a6 4. Ba4 Nf6 5. d3 b5 6. Bb3 Be7 7. O-O d6 8. a4
Bd7 9. Nc3 Na5 10. Ba2 O-O 11. axb5 axb5 12. Bg5 c5 13. Nd5 Nc6 14. Nxe7+ Qxe7
15. h3 h6 16. Bh4 Nb4 17. Bb3 Rxa1 18. Qxa1 Be6 19. Bxe6 Qxe6 20. Qd1 Nh5 21.
c3 Nc6 22. d4 exd4 23. Nxd4 cxd4 24. Qxh5 Qxe4 25. Qxb5 Rb8 26. Qa4 Rxb2 27.
Bg3 f5 28. Qa8+ Kh7 29. cxd4 Rb8 30. Qa6 Nxd4 31. Bxd6 Re8 32. Qa3 f4 33. Rd1
Re6 34. Rf1 Re8 35. Rd1 Re6 36. f3 Qe2 0-1

[Event "World Junior U20 Championship"]
[Site "Czarna"]
[Date "2010.08.04"]
[Round "2.11"]
[White "Tomczak, Jacek"]
[Black "Hamitevici, Vladimir"]
[Result "1-0"]
[WhiteElo "2509"]
[BlackElo "2411"]
[PlyCount "63"]
[EventDate "2010.??.??"]
[TimeControl "5400"]

1. e4 c5 2. Nf3 d6 3. d4 cxd4 4. Nxd4 Nf6 5. Nc3 a6 6. Bc4 e6 7. Bb3 Nbd7 8.
O-O Nc5 9. Qf3 b5 10. Re1 Bb7 11. Bd5 Qc8 12. b4 Ncd7 13. Bxb7 Qxb7 14. Qg3 Rc8
15. Bb2 h5 16. a4 bxa4 17. Rxa4 Nb6 18. Ra2 Nc4 19. b5 axb5 20. Ncxb5 e5 21.
Ra7 Qb6 22. Qb3 Nd7 23. Nf5 g6 24. Ne3 Nxe3 25. Rxe3 Rb8 26. Nc7+ Kd8 27. Qxf7
Qxc7 28. Rxc7 Kxc7 29. Rc3+ Kd8 30. Rb3 Rxb3 31. cxb3 g5 32. Bc3 1-0

[Event "World Junior U20 Championship"]
[Site "Czarna"]
[Date "2010.08.04"]
[Round "2.12"]
[White "Panjwani, Raja"]
[Black "Stupak, Kirill"]
[Result "0-1"]
[WhiteElo "2395"]
[BlackElo "2504"]
[PlyCount "82"]
[EventDate "2010.??.??"]
[TimeControl "5400"]

1. d4 e6 2. c4 Bb4+ 3. Bd2 Qe7 4. g3 Nf6 5. Bg2 O-O 6. Nf3 Bxd2+ 7. Nbxd2 d6 8.
O-O e5 9. e4 Bg4 10. d5 Nbd7 11. b4 a5 12. a3 c5 13. b5 Ne8 14. h3 Bxf3 15.
Bxf3 g6 16. Be2 Ng7 17. b6 f5 18. Rb1 fxe4 19. Nxe4 Nf5 20. Bg4 Ng7 21. Be2 Nf5
22. Bg4 Nd4 23. Bxd7 Qxd7 24. Kg2 Rf5 25. Qd2 Nf3 26. Qe3 a4 27. Qxf3 Rxf3 28.
Kxf3 Qxh3 29. Ke3 Rf8 30. f3 Qd7 31. Rh1 h5 32. Rbg1 Qd8 33. g4 h4 34. g5 Rf4
35. Ke2 Kf7 36. Nf6 Qxb6 37. Rb1 Qa6 38. Ne4 Qxc4+ 39. Kf2 Qxe4 40. Rxb7+ Ke8
41. Rb8+ Kd7 0-1

[Event "World Junior U20 Championship"]
[Site "Czarna"]
[Date "2010.08.04"]
[Round "2.13"]
[White "Lalith, Babu Musunuri Rohit"]
[Black "Blomqvist, Erik"]
[Result "1/2-1/2"]
[WhiteElo "2502"]
[BlackElo "2407"]
[PlyCount "116"]
[EventDate "2010.??.??"]
[TimeControl "5400"]

1. Nf3 d5 2. d4 Nf6 3. c4 c6 4. Nc3 dxc4 5. a4 Bf5 6. Ne5 Nbd7 7. Nxc4 Nb6 8.
Ne5 a5 9. f3 Nfd7 10. Nxd7 Nxd7 11. e4 Bg6 12. Be3 Qb6 13. Qd2 e5 14. Rd1 O-O-O
15. g3 exd4 16. Bxd4 Bc5 17. Bh3 Bxd4 18. Qxd4 Qxd4 19. Rxd4 Kc7 20. Rxd7+ Rxd7
21. Bxd7 Kxd7 22. Ke2 f6 23. Ke1 Kc7 24. Ke2 Kd7 25. Ke3 Ra8 26. Rd1+ Ke7 27.
Kd4 Kd6 28. Ne2 Kc7 29. Kc3 Bf7 30. Nd4 Re8 31. Re1 g6 32. h4 Re5 33. f4 Rc5+
34. Kd3 Rc4 35. e5 fxe5 36. Rxe5 Kd6 37. Re1 Kc7 38. Re5 Kd6 39. Rxa5 Rb4 40.
Ra8 Kc5 41. Ra5+ b5 42. Nc2 Rb3+ 43. Kd2 Rxb2 44. axb5 cxb5 45. Ra7 Bd5 46.
Rxh7 Be4 47. Rc7+ Kd6 48. Rc3 b4 49. Rc4 b3 50. Rxe4 Rxc2+ 51. Kd3 Rg2 52. Kc3
Rxg3+ 53. Kb2 Rh3 54. Re8 Rxh4 55. Kxb3 Rxf4 56. Kc3 Rf6 57. Kd3 Re6 58. Rxe6+
Kxe6 1/2-1/2

[Event "World Junior U20 Championship"]
[Site "Czarna"]
[Date "2010.08.04"]
[Round "2.14"]
[White "Kanarek, Marcel"]
[Black "Durarbeyli, Vasif"]
[Result "1/2-1/2"]
[WhiteElo "2387"]
[BlackElo "2501"]
[PlyCount "94"]
[EventDate "2010.??.??"]
[TimeControl "5400"]

1. e4 c5 2. Nf3 Nc6 3. d4 cxd4 4. Nxd4 Nf6 5. Nc3 d6 6. Bg5 e6 7. Qd2 Be7 8.
O-O-O a6 9. f4 Nxd4 10. Qxd4 b5 11. Bxf6 gxf6 12. e5 d5 13. Kb1 Bd7 14. f5 fxe5
15. Qxe5 Bf6 16. Qg3 Rc8 17. fxe6 fxe6 18. Bd3 Qc7 19. Qg4 Bxc3 20. bxc3 Qxc3
21. Rhf1 Ke7 22. Qh4+ Kd6 23. Rf7 Rc7 24. Qe7+ Kc6 25. Bxh7 Kb7 26. Bd3 Rxh2
27. Qd6 Bc8 28. Rdf1 Rxg2 29. a4 Rxc2 30. Qxc7+ Qxc7 31. Bxc2 Bd7 32. Rg1 Kb6
33. Rgg7 Qc6 34. Rg1 Qc7 35. Rgg7 Qc6 36. Rxd7 Qc7 37. Rgf7 Qc6 38. Rg7 bxa4
39. Bd3 Ka5 40. Rb7 Qc3 41. Bc2 e5 42. Rgc7 Qd4 43. Rb2 e4 44. Rcb7 Qg1+ 45.
Ka2 Qc5 46. Kb1 Qg1+ 47. Ka2 Qc5 1/2-1/2

[Event "World Junior U20 Championship"]
[Site "Czarna"]
[Date "2010.08.04"]
[Round "2.15"]
[White "Kanmazalp, Ogulcan"]
[Black "Simonian, Hrair"]
[Result "1-0"]
[WhiteElo "2381"]
[BlackElo "2494"]
[PlyCount "165"]
[EventDate "2010.??.??"]
[TimeControl "5400"]

1. e4 c5 2. Nf3 e6 3. c3 d5 4. exd5 exd5 5. d4 c4 6. b3 cxb3 7. axb3 Bd6 8. Bd3
Ne7 9. O-O Bg4 10. Nbd2 Nbc6 11. Qc2 Bh5 12. Ba3 Bg6 13. Bc1 Bh5 14. Ba3 Bg6
15. Bxd6 Qxd6 16. Rfe1 O-O 17. b4 Rfc8 18. Qb1 Nd8 19. Bxg6 hxg6 20. Qd3 Ne6
21. Ne5 Rc7 22. Ndf3 Rac8 23. Rac1 g5 24. g3 f6 25. Ng4 Nf8 26. h4 Qd7 27. Ne3
Qd6 28. Ng4 Qd7 29. Ne3 gxh4 30. Nxh4 Kf7 31. Nef5 Nxf5 32. Nxf5 Ng6 33. Re3
Rc6 34. Kg2 Re6 35. Rxe6 Qxe6 36. Re1 Qxe1 37. Nd6+ Ke6 38. Nxc8 Qe4+ 39. Qxe4+
dxe4 40. Nxa7 Kd5 41. Nb5 Kc4 42. Nd6+ Kxc3 43. Nxb7 Kxb4 44. Nd6 Kc3 45. Nxe4+
Kxd4 46. Nd6 Kc3 47. Ne4+ Kd4 48. Nd6 Ne7 49. Ne8 Nf5 50. g4 Nh6 51. Kg3 f5 52.
g5 Nf7 53. Kf4 g6 54. Ng7 Nd6 55. Ne6+ Kd5 56. Nf8 Ne4 57. f3 Nf2 58. Nxg6 Ke6
59. Nf8+ Ke7 60. Ng6+ Ke6 61. Ke3 Nd1+ 62. Kd4 f4 63. Ke4 Nf2+ 64. Kxf4 Nd3+
65. Ke3 Nf2 66. Kf4 Nd1 67. Ke4 Nf2+ 68. Kf4 Nd3+ 69. Ke3 Nc5 70. Nh4 Ke5 71.
f4+ Ke6 72. Kd4 Nb3+ 73. Ke4 Nc5+ 74. Kf3 Nd3 75. Kg4 Nf2+ 76. Kh5 Nh3 77. f5+
Kf7 78. Ng6 Kg7 79. f6+ Kf7 80. Kg4 Nf2+ 81. Kf5 Nd1 82. Ne5+ Kf8 83. g6 1-0

[Event "World Junior U20 Championship"]
[Site "Czarna"]
[Date "2010.08.04"]
[Round "2.16"]
[White "Swiercz, Dariusz"]
[Black "Fernandez, Daniel Howard"]
[Result "1-0"]
[WhiteElo "2492"]
[BlackElo "2401"]
[PlyCount "69"]
[EventDate "2010.??.??"]
[TimeControl "5400"]

1. Nf3 d6 2. d4 g6 3. e4 Bg7 4. Nc3 a6 5. Bf4 b5 6. Qd2 Bb7 7. Bd3 Nd7 8. Ne2
Ngf6 9. Ng3 c5 10. c3 h5 11. e5 cxd4 12. exf6 dxc3 13. bxc3 Nxf6 14. Bg5 Qc8
15. O-O Nd5 16. Ne2 Nxc3 17. Nxc3 Bxc3 18. Qe3 O-O 19. Rac1 b4 20. Qxe7 Bxf3
21. gxf3 Qc6 22. Qe4 Qc5 23. Be3 Qa5 24. Bc4 Kh7 25. Bxf7 Rxf7 26. Qxa8 Qxa2
27. Rfd1 Be5 28. f4 Bxf4 29. Bxf4 Rxf4 30. Qa7+ Rf7 31. Qa8 Rf4 32. Qa7+ Rf7
33. Rc7 Rxc7 34. Qxc7+ Kh6 35. Qxd6 1-0

[Event "World Junior U20 Championship"]
[Site "Czarna"]
[Date "2010.08.04"]
[Round "2.17"]
[White "Dragun, Kamil"]
[Black "Cori, Tello Jorge Moises"]
[Result "1-0"]
[WhiteElo "2379"]
[BlackElo "2486"]
[PlyCount "87"]
[EventDate "2010.??.??"]
[TimeControl "5400"]

1. e4 e6 2. d4 d5 3. Nc3 Bb4 4. exd5 exd5 5. Bd3 Nc6 6. Nge2 Nge7 7. Bg5 f6 8.
Bf4 Bf5 9. Bxf5 Nxf5 10. Qd3 Bxc3+ 11. Nxc3 Nfe7 12. O-O-O O-O 13. g4 Qd7 14.
Qg3 Rac8 15. h4 Nd8 16. g5 Ne6 17. gxf6 Rxf6 18. Be5 Rf7 19. h5 Rcf8 20. Rdg1
Nc6 21. f4 Nexd4 22. h6 Nxe5 23. fxe5 g6 24. Rd1 c5 25. Rhe1 Qe6 26. Kb1 Rf3
27. Qg2 a6 28. Nxd5 Qxd5 29. c3 Qc4 30. cxd4 Rf2 31. Qxb7 R2f7 32. Qb6 cxd4 33.
e6 Rc7 34. Qxd4 Qxd4 35. Rxd4 Re8 36. Rd6 Kf8 37. Rxa6 Ke7 38. Rf1 Rf8 39. Rxf8
Kxf8 40. Rd6 g5 41. Rd5 Rc6 42. Rf5+ Ke8 43. Rxg5 Rxe6 44. Rg8+ 1-0

[Event "World Junior U20 Championship"]
[Site "Czarna"]
[Date "2010.08.04"]
[Round "2.18"]
[White "Schiendorfer, Emanuel"]
[Black "Yilmaz, Mustafa"]
[Result "0-1"]
[WhiteElo "2305"]
[BlackElo "2479"]
[PlyCount "192"]
[EventDate "2010.??.??"]
[TimeControl "5400"]

1. Nf3 Nf6 2. g3 b5 3. Bg2 Bb7 4. O-O e6 5. d4 c5 6. c3 Nc6 7. Bg5 Qb6 8. Bxf6
gxf6 9. e4 Be7 10. Na3 cxd4 11. cxd4 O-O-O 12. Nc2 d5 13. exd5 Rxd5 14. a4 Rhd8
15. Qd3 f5 16. Ne3 Rxd4 17. Nxd4 Nxd4 18. a5 Qa6 19. Kh1 Kb8 20. Rfd1 h5 21.
Qxd4 Rxd4 22. Rxd4 Bxg2+ 23. Kxg2 Bf6 24. Rd2 Qc6+ 25. Kg1 h4 26. Rc2 Qb7 27.
Rd2 Qc6 28. Rc2 Qb7 29. Rac1 h3 30. b4 a6 31. Kf1 Bd4 32. Rc6 Qd7 33. Ke2 Kb7
34. R6c2 Qd6 35. f4 Ba7 36. Rd1 Qe7 37. Rd3 Bb8 38. Rd1 Ba7 39. Rd3 Bb8 40. Rb2
Bc7 41. Rb1 Kb8 42. Rb2 Bd6 43. Rdb3 Kc7 44. Rc2+ Kb7 45. Rcb2 Kb8 46. Rb1 Qf8
47. R1b2 Qh8 48. Rd3 Bc7 49. Rdb3 Bd6 50. Rc2 Kb7 51. Rcb2 Kb8 52. Rb1 Qf8 53.
R1b2 Qh8 54. Rd2 Kc7 55. Rb1 Qf8 56. Rc1+ Kb7 57. Nc2 e5 58. fxe5 Bxe5 59. Rd7+
Ka8 60. Ne3 Qe8 61. Rcd1 Qe6 62. Kf3 Kb8 63. R1d5 Ka8 64. Rd1 Kb8 65. R1d5 Kc8
66. Rd8+ Kc7 67. Ra8 Bc3 68. Ra7+ Kb8 69. Rad7 Qe4+ 70. Ke2 Bf6 71. Rxf5 Bd4
72. Rf3 Bxe3 73. Rfxf7 Bg5+ 74. Kd1 Qh1+ 75. Ke2 Qe4+ 76. Kd1 Qh1+ 77. Ke2 Qg2+
78. Kd3 Qd2+ 79. Ke4 Qxb4+ 80. Kf5 Qc5+ 81. Kg4 b4 82. Rg7 Qc8 83. Kxg5 b3 84.
Rd1 b2 85. Kh5 Qf5+ 86. Kh4 b1=Q 87. Rd8+ Qc8 88. Rxc8+ Kxc8 89. Rg5 Qf1 90.
Rg6 Kb7 91. Rh6 Qg2 92. Kg4 Qxh2 93. Rxh3 Qe2+ 94. Kh4 Qe7+ 95. Kg4 Qd7+ 96.
Kh4 Qd8+ 0-1

[Event "World Junior U20 Championship"]
[Site "Czarna"]
[Date "2010.08.04"]
[Round "2.19"]
[White "Recuero Guerra, David"]
[Black "Bobula, Mateusz"]
[Result "1-0"]
[WhiteElo "2470"]
[BlackElo "2387"]
[PlyCount "93"]
[EventDate "2010.??.??"]
[TimeControl "5400"]

1. d4 d5 2. c4 e6 3. Nf3 c6 4. e3 Nf6 5. b3 Nbd7 6. Bb2 Bd6 7. Bd3 Qe7 8. Ne5
Nxe5 9. dxe5 Bb4+ 10. Nd2 Nd7 11. O-O Bxd2 12. Qxd2 b6 13. cxd5 exd5 14. e4 d4
15. Bxd4 c5 16. Bb2 Nxe5 17. Bb5+ Bd7 18. Bxd7+ Qxd7 19. Qxd7+ Nxd7 20. Bxg7
Rg8 21. Bc3 Ke7 22. Rfd1 Nf8 23. f3 Ne6 24. Kf2 Rad8 25. g3 b5 26. a3 Rxd1 27.
Rxd1 Rd8 28. Rc1 Rd3 29. Ke2 Rd6 30. Ke3 Ra6 31. Bb2 Rb6 32. f4 c4 33. f5 Nc5
34. bxc4 bxc4 35. Rxc4 Rxb2 36. Rxc5 Rxh2 37. e5 a6 38. Rc7+ Ke8 39. Rc6 a5 40.
Ra6 h5 41. Rxa5 h4 42. gxh4 Rxh4 43. Ra7 Rc4 44. f6 Rh4 45. a4 Rc4 46. a5 Ra4
47. a6 1-0

[Event "World Junior U20 Championship"]
[Site "Czarna"]
[Date "2010.08.04"]
[Round "2.20"]
[White "Janus, Przemyslaw"]
[Black "Salem, A.R. Saleh"]
[Result "0-1"]
[WhiteElo "2085"]
[BlackElo "2469"]
[PlyCount "76"]
[EventDate "2010.??.??"]
[TimeControl "5400"]

1. d4 Nf6 2. c4 g6 3. Nc3 Bg7 4. e4 d6 5. f3 O-O 6. Bg5 c5 7. d5 h6 8. Be3 e6
9. Qd2 exd5 10. cxd5 Re8 11. Bd3 Nbd7 12. Nh3 Ne5 13. Nf2 Nxd3+ 14. Nxd3 b5 15.
O-O b4 16. Ne2 Ba6 17. Rfe1 Nd7 18. Nec1 Nb6 19. Bf2 Bb5 20. Rb1 a5 21. Ne2 Qd7
22. Kh1 Na4 23. Rec1 Bxd3 24. Qxd3 Nxb2 25. Qc2 Na4 26. Be1 Rec8 27. Qd3 Re8
28. Bf2 Nb2 29. Qc2 Na4 30. Be1 Rec8 31. Qd3 Rab8 32. Rc2 Qb5 33. Qxb5 Rxb5 34.
Rbc1 Bb2 35. Rb1 Be5 36. Rbc1 Nb2 37. Rb1 Nd3 38. Bd2 a4 0-1

[Event "World Junior U20 Championship"]
[Site "Czarna"]
[Date "2010.08.04"]
[Round "2.21"]
[White "Huschenbeth, Niclas"]
[Black "Dimitrov, Radoslav"]
[Result "0-1"]
[WhiteElo "2459"]
[BlackElo "2380"]
[PlyCount "164"]
[EventDate "2010.??.??"]
[TimeControl "5400"]

1. e4 c6 2. d4 d5 3. e5 Bf5 4. Nf3 e6 5. Be2 Nd7 6. O-O Ne7 7. Nbd2 Bg6 8. Nb3
Nf5 9. Bd2 Be7 10. g4 Nh4 11. Nxh4 Bxh4 12. f4 Be4 13. Bf3 Bxf3 14. Rxf3 Be7
15. f5 c5 16. Ba5 b6 17. Bc3 c4 18. Nc1 O-O 19. Ne2 b5 20. Nf4 Qb6 21. Kh1 Bg5
22. Bb4 Rfe8 23. Bd6 Rf8 24. Bb4 Rfe8 25. Bd6 Bxf4 26. Bb4 Bg5 27. Bd6 Bf4 28.
Rxf4 Nf6 29. Bc5 Qc7 30. g5 Ne4 31. f6 g6 32. Qf3 Qa5 33. c3 Qa4 34. Rh4 Qc2
35. Rxh7 Nf2+ 36. Kg1 Kxh7 37. Qxf2 Qe4 38. Re1 Qg4+ 39. Qg2 Qxg2+ 40. Kxg2 a5
41. Ra1 b4 42. cxb4 Reb8 43. a4 axb4 44. a5 Ra6 45. Bb6 b3 46. Rc1 Kg8 47. h4
Kf8 48. Rh1 Ke8 49. h5 gxh5 50. Rxh5 c3 51. g6 cxb2 52. g7 Kd7 53. Rh1 Kc6 54.
Rb1 Kb5 55. Rxb2 Kc4 56. Kf3 Kb5 57. Kg2 Kc4 58. Kf3 Kc3 59. Rb1 Kc2 60. Rg1 b2
61. Rg2+ Kb3 62. Rg1 Ka2 63. Kg4 b1=Q 64. Rxb1 Kxb1 65. Kg5 Kc2 66. Kh6 Kd3 67.
Kh7 Raa8 68. Bc5 Ke4 69. Bf8 Rxf8 70. gxf8=Q Rxf8 71. Kg7 Ra8 72. Kxf7 Kf5 73.
Kg7 Ke4 74. f7 Kxd4 75. Kf6 Kc5 76. Kxe6 d4 77. Kf6 d3 78. e6 d2 79. e7 d1=Q
80. e8=Q Ra6+ 81. Kg7 Qd4+ 82. Kf8 Qd6+ 0-1

[Event "World Junior U20 Championship"]
[Site "Czarna"]
[Date "2010.08.04"]
[Round "2.22"]
[White "Delorme, Axel"]
[Black "Larmuseau, Maarten"]
[Result "1-0"]
[WhiteElo "2455"]
[BlackElo "2277"]
[PlyCount "95"]
[EventDate "2010.??.??"]
[TimeControl "5400"]

1. Nf3 Nf6 2. c4 c5 3. g3 d5 4. cxd5 Nxd5 5. Bg2 Nc6 6. O-O e5 7. Nc3 Nc7 8. d3
Be7 9. Nd2 Be6 10. Bxc6+ bxc6 11. Nc4 f6 12. Qa4 Qd7 13. Ne4 Bh3 14. Re1 O-O
15. Na5 f5 16. Nd2 Nb5 17. Nf3 Kh8 18. Qc4 Qc7 19. Nb3 Nd4 20. Nxc5 Nxf3+ 21.
exf3 Qd6 22. Ne6 Rfb8 23. Nc5 Rf8 24. Ne6 Rfb8 25. f4 e4 26. Bd2 Bf6 27. Bc3
Re8 28. Bd2 Reb8 29. Bc3 Re8 30. Nc5 Be7 31. b4 Qg6 32. Ne6 Rg8 33. Nc5 Rge8
34. Ne6 Rg8 35. dxe4 fxe4 36. Rxe4 Bf6 37. Rae1 Qh5 38. R4e3 Rae8 39. Bxf6 gxf6
40. Qxc6 Re7 41. Qc5 Qe8 42. f5 Qa8 43. Nf4 Rxe3 44. Rxe3 Rc8 45. Qe7 Rc1+ 46.
Re1 Rxe1+ 47. Qxe1 Bxf5 48. Qe7 1-0